 Dungeon Crawl Stone Soup version 0.23-a0-375-g66a18ee (webtiles) character file.

73 Avernum the Insei (level 4, 0/41 HPs)
             Began as a Gnoll Monk on Oct 26, 2018.
             Succumbed to a scorpion's poison
             ... on level 5 of the Dungeon.
             The game lasted 00:01:34 (483 turns).

Avernum the Insei (Gnoll Monk)                       Turns: 483, Time: 00:01:35

Health: 0/41       AC:  2    Str: 13    XL:     4   Next: 27%
Magic:  3/5        EV: 17    Int: 13    God:
Gold:   17         SH:  0    Dex: 18    Spells: 5/5 levels left

rFire    . . .     SeeInvis .     - Unarmed
rCold    . . .     Gourm    .   (no shield)
rNeg     . . .     Faith    .   a - +0 robe
rPois    .         Spirit   .   (no helmet)
rElec    .         Reflect  .   (no cloak)
rCorr    .         Harm     .   (no gloves)
MR       .....                  (no boots)
Stlth    +++.......             (no amulet)
HPRegen  0.13/turn              (no ring)
MPRegen  0.09/turn              (no ring)

@: lethally poisoned (0 -> -10), about to teleport
A: distributed training, fangs 1, strong nose
a: no special abilities


You were on level 5 of the Dungeon.
You were not hungry.

You visited 1 branch of the dungeon, and saw 5 of its levels.

You collected 17 gold pieces.

Inventory:

Hand Weapons
 e - a +1 hunting sling
Missiles
 d - 15 sling bullets
Armour
 a - a +0 robe (worn)
Jewellery
 f - an uncursed ring of flight {unknown}
 i - an uncursed ring of stealth {unknown}
 j - a +2 ring of strength {unknown}
Comestibles
 b - 3 rations
 c - a chunk of flesh


   Skills:
 + Level 6.6 Fighting
 + Level 1.0 Short Blades
 + Level 1.0 Long Blades
 + Level 1.0 Axes
 + Level 1.0 Maces & Flails
 + Level 1.0 Polearms
 + Level 1.0 Staves
 + Level 1.0 Slings
 + Level 1.0 Bows
 + Level 1.0 Crossbows
 + Level 1.0 Throwing
 + Level 1.0 Armour
 + Level 6.6 Dodging
 + Level 4.2 Stealth
 + Level 1.0 Shields
 + Level 6.6 Unarmed Combat
 + Level 1.0 Spellcasting
 + Level 0.8 Conjurations
 + Level 0.8 Hexes
 + Level 0.8 Charms
 + Level 0.8 Summonings
 + Level 0.8 Necromancy
 + Level 0.8 Translocations
 + Level 0.8 Transmutations
 + Level 0.8 Fire Magic
 + Level 0.8 Ice Magic
 + Level 0.8 Air Magic
 + Level 0.8 Earth Magic
 + Level 0.8 Poison Magic
 + Level 1.1 Invocations
 + Level 1.0 Evocations


You had 5 spell levels left.
You didn't know any spells.
Your spell library was empty.

Dungeon Overview and Level Annotations

Branches:
Dungeon (4/15)
 Temple: D:4-7

Altars:

Annotations:
D:2 Terence


Innate Abilities, Weirdness & Mutations

Your experience applies equally to all skills.
You have very sharp teeth.
Your uncanny sense of smell can sniff out nearby items.


Message History

Your Evocations skill increases to level 1!
You have reached level 4!
You feel agile.
* * * LOW HITPOINT WARNING * * *
You feel sick.
There is a lethal amount of poison in your body!
You aren't carrying any potions.
There are no objects that can be picked up here. a quokka corpse
As you read the scroll labeled PONTOJ MAROO, it crumbles to dust.
It is a scroll of enchant weapon.
Your hunting sling glows red for a moment.
* * * LOW HITPOINT WARNING * * *
You feel sick.
As you read the scroll labeled HAORER CETHREO, it crumbles to dust.
You feel strangely unstable.
It was a scroll of teleportation.
* * * LOW HITPOINT WARNING * * *
You feel sick.
You aren't carrying any potions.
You die...

...##....##....#
#...............#
##...............#
#................#
#..........#######
#..........##
#...........#
#..........#
#.....@†...#
#....$......#
#...........#
#...........#
#############


There were no monsters in sight!

Vanquished Creatures
  A scorpion (D:5)
  An adder (D:3)
  A dart slug (D:3)
  2 bats
  2 giant cockroaches (D:3)
  2 goblins
  A kobold (D:3)
  A quokka (D:5)
  A ball python (D:3)
  2 frilled lizards
  2 rats (D:1)
16 creatures vanquished.

Notes
Turn   | Place    | Note
-------+----------+-------------------------------------------
     0 | D:1      | Avernum the Gnoll Monk began the quest for the Orb.
     0 | D:1      | Reached XP level 1. HP: 23/23 MP: 1/1
     8 | D:1      | Noticed a bullfrog
    80 | D:2      | Noticed Terence
   173 | D:3      | Reached XP level 2. HP: 29/29 MP: 2/2
   429 | D:3      | Reached XP level 3. HP: 35/35 MP: 3/3
   453 | D:3      | You fall through a shaft for 2 floors!
   453 | D:5      | Entered Level 5 of the Dungeon
   453 | D:5      | Noticed a scorpion
   480 | D:5      | Killed a scorpion
   480 | D:5      | Reached skill level 1 in Short Blades
   480 | D:5      | Reached skill level 1 in Long Blades
   480 | D:5      | Reached skill level 1 in Axes
   480 | D:5      | Reached skill level 1 in Maces & Flails
   480 | D:5      | Reached skill level 1 in Polearms
   480 | D:5      | Reached skill level 1 in Staves
   480 | D:5      | Reached skill level 1 in Slings
   480 | D:5      | Reached skill level 1 in Bows
   480 | D:5      | Reached skill level 1 in Crossbows
   480 | D:5      | Reached skill level 1 in Throwing
   480 | D:5      | Reached skill level 1 in Armour
   480 | D:5      | Reached skill level 1 in Shields
   480 | D:5      | Reached skill level 1 in Spellcasting
   480 | D:5      | Reached skill level 1 in Invocations
   480 | D:5      | Reached skill level 1 in Evocations
   480 | D:5      | Reached XP level 4. HP: 3/41 MP: 3/5
   481 | D:5      | HP: 2/41 [poisoned by a scorpion]
   483 | D:5      | Succumbed to a scorpion's poison

Vault maps used:
D:1:      evilmike_arrival_come_back
D:2:      minmay_tree_intersection, uniq_terence
D:3:      serial_park_tiny_pond, minmay_quantized
D:4:      minmay_temple_entry_junction_2, uniq_grinder, uniq_duvessa
D:5:      first_ration

Skill      XL: |  1  2  3 |
---------------+----------+-----
Short Blades   | 1 |  1.0
Long Blades    | 1 |  1.0
Axes           | 1 |  1.0
Maces & Flails | 1 |  1.0
Polearms       | 1 |  1.0
Staves         | 1 |  1.0
Slings         | 1 |  1.0
Bows           | 1 |  1.0
Crossbows      | 1 |  1.0
Throwing       | 1 |  1.0
Armour         | 1 |  1.0
Shields        | 1 |  1.0
Spellcasting   | 1 |  1.0
Invocations    | 1 |  1.1
Evocations     | 1 |  1.0
Fighting       | |  6.6
Dodging        | |  6.6
Stealth        | |  4.2
Unarmed Combat | |  6.6
Conjurations   | |  0.8
Hexes          | |  0.8
Charms         | |  0.8
Summonings     | |  0.8
Necromancy     | |  0.8
Translocations | |  0.8
Transmutations | |  0.8
Fire Magic     | |  0.8
Ice Magic      | |  0.8
Air Magic      | |  0.8
Earth Magic    | |  0.8
Poison Magic   | |  0.8

Action                   |  1- 3 |  4- 6 || total
-------------------------+-------+-------++-------
Melee: Unarmed           |    57 |       ||    57
       Bite              |     4 |       ||     4
       Punch             |     2 |       ||     2
  Use: Scroll            |       |     2 ||     2
 Stab: Sleeping          |     2 |       ||     2
Armor: Robe              |    12 |       ||    12
Dodge: Dodged            |    59 |       ||    59

Table legend:
 A = Non-vault XP
 B = Vault XP
 C = Vault XP percentage of total XP
 D = Non-vault monster count
 E = Vault monster count
 F = Vault count percentage of total count
                 A         B        C        D         E       F
            +---------+---------+-------+---------+---------+-------
      Total |     105 |       0 |   0.0 |      16 |       0 |   0.0
            +---------+---------+-------+---------+---------+-------
        D:1 |       7 |       0 |   0.0 |       5 |       0 |   0.0
        D:2 |       2 |       0 |   0.0 |       1 |       0 |   0.0
        D:3 |      27 |       0 |   0.0 |       8 |       0 |   0.0
        D:5 |      69 |       0 |   0.0 |       2 |       0 |   0.0
            +---------+---------+-------+---------+---------+-------
